ITL
LOUISVILLE BATS @ TUSCALOOSA TROUT SLAYERS
05/15/2028
 
TOP OF THE 1ST
Louisville Bats batting - Pitching for Tuscaloosa Trout Slayers : LHP José Acevedo
Pitching: LHP José Acevedo
Batting: RHB John Denton 0-0: Ball
1-0: Ball
2-0: Ground out 4-3 (Groundball, 4)
Batting: RHB Juan Costello 0-0: Called Strike
0-1: Swinging Strike
0-2: Ball
1-2: Ball
2-2: Foul Ball, location: 2F
2-2: Ball
3-2: SINGLE (Line Drive, 7S)
Batting: RHB Jesús Cabrera 0-0: Ball
1-0: Called Strike
1-1: SINGLE (Line Drive, 6D)
Juan Costello to second
Batting: RHB Danny Campbell 0-0: Ball
1-0: Ball
2-0: Foul Ball, location: 2F
2-1: Ball
3-1: Base on Balls
Juan Costello to third
Jesús Cabrera to second
Batting: RHB Eric Thompson 0-0: Foul Ball, location: 2F
0-1: Ball
1-1: Ball
2-1: Fly out, F9 (Flyball, 9S)
Runner from 3rd tags up, SCORES, throw made
Batting: RHB Dick Slagboom 0-0: Ball
1-0: Called Strike
1-1: Foul Ball, location: 2F
1-2: Ball
2-2: Ball
3-2: Foul Ball, location: 2F
3-2: SINGLE (Flyball, 8RS)
Jesús Cabrera to third
Danny Campbell to second
Jesús Cabrera scores
Danny Campbell to third
Batting: RHB William Farmer 0-0: Called Strike
0-1: Ball
1-1: Ball
2-1: Ground out 4-3 (Groundball, 34)
Top of the 1st over - 2 run(s), 3 hit(s), 0 error(s), 2 left on base; Louisville 2 - Tuscaloosa 0
BOTTOM OF THE 1ST
Tuscaloosa Trout Slayers batting - Pitching for Louisville Bats : RHP Guy Hebert
Pitching: RHP Guy Hebert
Batting: RHB Pat Fullerton 0-0: Called Strike
0-1: Ground out 5-3 (Groundball, 56)
Batting: RHB José Fernández 0-0: Ball
1-0: Called Strike
1-1: Ball
2-1: Ball
3-1: Foul Ball, location: 2F
3-2: Base on Balls
Batting: LHB Marcos Villarreal 0-0: Foul Ball, location: 2F
0-1: Ball
1-1: Ball
2-1: Foul Ball, location: 2F
2-2: Fly out, F8 (Flyball, 89S)
Batting: RHB Ben Morton 0-0: Foul Ball, location: 2F
0-1: Fly out, F9 (Line Drive, 9)
Bottom of the 1st over - 0 run(s), 0 hit(s), 0 error(s), 1 left on base; Louisville 2 - Tuscaloosa 0
TOP OF THE 2ND
Louisville Bats batting - Pitching for Tuscaloosa Trout Slayers : LHP José Acevedo
Batting: LHB Ramón Morales 0-0: Ball
1-0: Ground out 4-3 (Groundball, 4)
Batting: RHB Shawn Marshall 0-0: Ball
1-0: Foul Ball, location: 2F
1-1: Called Strike
1-2: Ball
2-2: Foul Ball, location: 2F
2-2: Ball
3-2: Ground out 4-3 (Groundball, 4)
Batting: RHB John Denton 0-0: Ball
1-0: Called Strike
1-1: Foul Ball, location: 2F
1-2: Foul Ball, location: 2F
1-2: Strikes out swinging
Top of the 2nd over - 0 run(s), 0 hit(s), 0 error(s), 0 left on base; Louisville 2 - Tuscaloosa 0
BOTTOM OF THE 2ND
Tuscaloosa Trout Slayers batting - Pitching for Louisville Bats : RHP Guy Hebert
Batting: LHB Ed Hart 0-0: Fly out, F8 (Flyball, 8LM)
Batting: RHB Jason Erickson 0-0: Foul Ball, location: 2F
0-1: Called Strike
0-2: Foul Ball, location: 2F
0-2: Ball
1-2: Strikes out swinging
Batting: RHB Shigemasa Ishida 0-0: Swinging Strike
0-1: Swinging Strike
0-2: Ball
1-2: Strikes out swinging
Bottom of the 2nd over - 0 run(s), 0 hit(s), 0 error(s), 0 left on base; Louisville 2 - Tuscaloosa 0
TOP OF THE 3RD
Louisville Bats batting - Pitching for Tuscaloosa Trout Slayers : LHP José Acevedo
Batting: RHB Juan Costello 0-0: Called Strike
0-1: Ball
1-1: Ball
2-1: Foul Ball, location: 2F
2-2: Foul Ball, location: 2F
2-2: DOUBLE (Line Drive, 78XD)
Batting: RHB Jesús Cabrera 0-0: Called Strike
0-1: SINGLE (Groundball, 15) (infield hit)
Juan Costello to third
Batting: RHB Danny Campbell 0-0: Ball
1-0: Ball
2-0: 3-RUN HOME RUN (Flyball, 7D), Distance : 360 ft
Batting: RHB Eric Thompson 0-0: Called Strike
0-1: Ball
1-1: Ground out 5-3 (Groundball, 56)
Batting: RHB Dick Slagboom 0-0: Swinging Strike
0-1: Called Strike
0-2: Ball
1-2: Ball
2-2: Foul Ball, location: 2F
2-2: Foul Ball, location: 2F
2-2: Ground out 1-3 (Groundball, P)
Batting: RHB William Farmer 0-0: Ball
1-0: Ball
2-0: Ball
3-0: Called Strike
3-1: Foul Ball, location: 2F
3-2: Foul Ball, location: 2F
3-2: Ground out 5-3 (Groundball, 5)
Top of the 3rd over - 3 run(s), 3 hit(s), 0 error(s), 0 left on base; Louisville 5 - Tuscaloosa 0
BOTTOM OF THE 3RD
Tuscaloosa Trout Slayers batting - Pitching for Louisville Bats : RHP Guy Hebert
Batting: RHB Jason Saunders 0-0: Called Strike
0-1: Ball
1-1: Ball
2-1: Ball
3-1: Base on Balls
Batting: RHB Tetsunori Ito 0-0: Ball
1-0: Grounds into double play, 4-6-3 (Groundball, 4M)
Batting: RHB Pat Fullerton 0-0: Ball
1-0: Ball
2-0: Ball
3-0: Called Strike
3-1: SINGLE (Groundball, 56) (infield hit)
Batting: RHB José Fernández 0-0: Ball
1-0: Called Strike
1-1: Called Strike
1-2: Ball
2-2: Foul Ball, location: 2F
2-2: Foul Ball, location: 2F
2-2: Ball
3-2: Foul Ball, location: 2F
3-2: Foul Ball, location: 2F
3-2: Base on Balls
Pat Fullerton to second
Batting: LHB Marcos Villarreal 0-0: Called Strike
0-1: Ball
1-1: Ball
2-1: 3-RUN HOME RUN (Flyball, 9D), Distance : 382 ft
Batting: RHB Ben Morton 0-0: Called Strike
0-1: Ball
1-1: Ground out 4-3 (Groundball, 4)
Bottom of the 3rd over - 3 run(s), 2 hit(s), 0 error(s), 0 left on base; Louisville 5 - Tuscaloosa 3
TOP OF THE 4TH
Louisville Bats batting - Pitching for Tuscaloosa Trout Slayers : LHP José Acevedo
Batting: LHB Ramón Morales 0-0: Called Strike
0-1: Ball
1-1: Foul Ball, location: 2F
1-2: Ball
2-2: Foul Ball, location: 2F
2-2: Strikes out swinging
Batting: RHB Shawn Marshall 0-0: Called Strike
0-1: Ball
1-1: Swinging Strike
1-2: Ball
2-2: Ball
3-2: SINGLE (Line Drive, 9S)
Batting: RHB John Denton 0-0: Ball
1-0: Ball
2-0: Foul Ball, location: 2F
2-1: Ball
3-1: Called Strike
3-2: SINGLE (Line Drive, 89S)
Shawn Marshall to second
Runner from 2nd tries for 3rd, OUT!
John Denton to second
Batting: RHB Juan Costello 0-0: DOUBLE (Line Drive, 7LM)
John Denton scores
Pitching: LHP Mike Scott
Batting: RHB Jesús Cabrera 0-0: Ball
1-0: Foul Ball, location: 2F
1-1: Ground out 5-3 (Groundball, 56S)
Top of the 4th over - 1 run(s), 3 hit(s), 0 error(s), 1 left on base; Louisville 6 - Tuscaloosa 3
BOTTOM OF THE 4TH
Tuscaloosa Trout Slayers batting - Pitching for Louisville Bats : RHP Guy Hebert
Batting: LHB Ed Hart 0-0: Ball
1-0: Ball
2-0: Ball
3-0: Called Strike
3-1: Base on Balls
Batting: RHB Jason Erickson 0-0: Called Strike
0-1: SINGLE (Groundball, 34D)
Ed Hart to second
Runner from 2nd tries for 3rd, SAFE, throw made to third
Batting: RHB Shigemasa Ishida 0-0: Ball
1-0: Called Strike
1-1: Called Strike
1-2: Grounds into double play, 6-4-3 (Groundball, 56)
Ed Hart scores
Batting: RHB Jason Saunders 0-0: Called Strike
0-1: Called Strike
0-2: Fly out, F9 (Flyball, 9LM)
Bottom of the 4th over - 1 run(s), 1 hit(s), 0 error(s), 0 left on base; Louisville 6 - Tuscaloosa 4
TOP OF THE 5TH
Louisville Bats batting - Pitching for Tuscaloosa Trout Slayers : LHP Mike Scott
Batting: RHB Danny Campbell 0-0: Ball
1-0: SINGLE (Groundball, 15S) (infield hit)
Batting: RHB Eric Thompson 0-0: DOUBLE (Flyball, 78M)
Danny Campbell to third
Batting: RHB Dick Slagboom 0-0: Foul Ball, location: 2F
0-1: Ball
1-1: Ball
2-1: Ball
3-1: Foul Ball, location: 2F
3-2: Fly out, F7 (Flyball, 7)
Runner from 3rd tags up, SCORES, throw made
Batting: RHB William Farmer 0-0: Called Strike
0-1: Ball
1-1: Ball
2-1: Ball
3-1: Base on Balls
Batting: LHB Ramón Morales 0-0: Foul Ball, location: 2F
0-1: Foul Ball, location: 2F
0-2: Ball
1-2: Ball
2-2: Strikes out swinging
Batting: RHB Shawn Marshall 0-0: Ball
1-0: Called Strike
1-1: Foul Ball, location: 2F
1-2: Strikes out looking
Top of the 5th over - 1 run(s), 2 hit(s), 0 error(s), 2 left on base; Louisville 7 - Tuscaloosa 4
BOTTOM OF THE 5TH
Tuscaloosa Trout Slayers batting - Pitching for Louisville Bats : RHP Guy Hebert
Batting: RHB Tetsunori Ito 0-0: SINGLE (Groundball, 4MD)
Batting: RHB Pat Fullerton 0-0: Ball
1-0: Ball
2-0: Ball
3-0: Called Strike
3-1: Base on Balls
Tetsunori Ito to second
Batting: RHB José Fernández 0-0: SINGLE (Line Drive, 7S)
Tetsunori Ito to third
Pat Fullerton to second
Runner from 3rd tries for Home, throw and OUT!
Batting: LHB Marcos Villarreal 0-0: Swinging Strike
0-1: Ball
1-1: Fly out, F6 (Line Drive, 6M)
Batting: RHB Ben Morton 0-0: Ball
1-0: Called Strike
1-1: Foul Ball, location: 2F
1-2: Foul Ball, location: 2F
1-2: Ball
2-2: 3-RUN HOME RUN (Flyball, 7D), Distance : 366 ft
Batting: LHB Ed Hart 0-0: Called Strike
0-1: Called Strike
0-2: Ground out 6-3 (Groundball, 6)
Bottom of the 5th over - 3 run(s), 3 hit(s), 0 error(s), 0 left on base; Louisville 7 - Tuscaloosa 7
TOP OF THE 6TH
Louisville Bats batting - Pitching for Tuscaloosa Trout Slayers : LHP Mike Scott
Batting: RHB John Denton 0-0: Ball
1-0: Called Strike
1-1: Ball
2-1: Ball
3-1: Called Strike
3-2: Base on Balls
Batting: RHB Juan Costello 0-0: Foul Ball, location: 2F
0-1: Ball
1-1: Called Strike
1-2: Ball
2-2: Ball
3-2: SINGLE (Line Drive, 78M)
John Denton to second
Batting: RHB Jesús Cabrera 0-0: Fly out, F8 (Flyball, 8LM)
Batting: RHB Danny Campbell 0-0: Ball
1-0: Foul Ball, location: 2F
1-1: Ball
2-1: Grounds into double play, 6-4-3 (Groundball, 6)
Top of the 6th over - 0 run(s), 1 hit(s), 0 error(s), 1 left on base; Louisville 7 - Tuscaloosa 7
BOTTOM OF THE 6TH
Tuscaloosa Trout Slayers batting - Pitching for Louisville Bats : RHP Guy Hebert
Pitching: RHP Vaughn Stanley
Batting: RHB Jason Erickson 0-0: Ball
1-0: Ball
2-0: Ball
3-0: Base on Balls
Batting: RHB Shigemasa Ishida 0-0: Ball
1-0: Ball
2-0: Foul Ball, location: 2F
2-1: Fly out, F9 (Flyball, 9)
Batting: RHB Jason Saunders 0-0: Reached on error, E6 (Groundball, 6)
Jason Erickson to second
Batting: RHB Tetsunori Ito 0-0: Ball
1-0: Foul Ball, location: 2F
1-1: Called Strike
1-2: Fly out, F5 (Line Drive, 5L)
Batting: RHB Pat Fullerton 0-0: Called Strike
0-1: Ball
1-1: Fly out, F5 (Popup, 56)
Bottom of the 6th over - 0 run(s), 0 hit(s), 1 error(s), 2 left on base; Louisville 7 - Tuscaloosa 7
TOP OF THE 7TH
Louisville Bats batting - Pitching for Tuscaloosa Trout Slayers : LHP Mike Scott
Pitching: LHP Dave Blackwell
Batting: RHB Eric Thompson 0-0: Called Strike
0-1: Ball
1-1: Foul Ball, location: 2F
1-2: Foul Ball, location: 2F
1-2: Ball
2-2: SINGLE (Groundball, 15) (infield hit)
Batting: RHB Dick Slagboom 0-0: Called Strike
Eric Thompson is caught stealing 2nd base
0-1: Foul Ball, location: 2F
0-2: Foul Ball, location: 2F
0-2: Ball
1-2: Ball
2-2: Foul Ball, location: 2F
2-2: Ball
3-2: Fly out, F9 (Flyball, 89M)
Batting: RHB William Farmer 0-0: Ball
1-0: Ground out 1-3 (Groundball, 13)
Top of the 7th over - 0 run(s), 1 hit(s), 0 error(s), 0 left on base; Louisville 7 - Tuscaloosa 7
BOTTOM OF THE 7TH
Tuscaloosa Trout Slayers batting - Pitching for Louisville Bats : RHP Vaughn Stanley
Batting: RHB José Fernández 0-0: Ball
1-0: Fly out, F8 (Flyball, 8LM)
Batting: LHB Marcos Villarreal 0-0: Ball
1-0: Called Strike
1-1: Foul Ball, location: 2F
1-2: Ball
2-2: DOUBLE (Line Drive, 7LM)
Batting: RHB Ben Morton 0-0: Intentional Walk
Batting: LHB Ed Hart 0-0: Called Strike
0-1: Called Strike
0-2: Strikes out swinging
Pitching: LHP Sergio Vargas
Batting: RHB Jason Erickson 0-0: Called Strike
0-1: Ball
1-1: Ball
2-1: Fielders Choice at 2nd, 6-4 (Groundball, 6)
Bottom of the 7th over - 0 run(s), 1 hit(s), 0 error(s), 1 left on base; Louisville 7 - Tuscaloosa 7
TOP OF THE 8TH
Louisville Bats batting - Pitching for Tuscaloosa Trout Slayers : LHP Dave Blackwell
Batting: LHB Ramón Morales 0-0: Ball
1-0: Ball
2-0: Ball
3-0: Called Strike
3-1: Foul Ball, location: 2F
3-2: Strikes out swinging
Batting: RHB Shawn Marshall 0-0: Ball
1-0: SOLO HOME RUN (Line Drive, 7D), Distance : 357 ft
Batting: RHB John Denton 0-0: Foul Ball, location: 2F
0-1: Ball
1-1: Fly out, F7 (Flyball, 7)
Batting: RHB Juan Costello 0-0: Called Strike
0-1: Ball
1-1: SINGLE (Line Drive, 7LM)
Batting: RHB Jesús Cabrera 0-0: Called Strike
0-1: Fielders Choice at 2nd, 6-4 (Groundball, 6)
Top of the 8th over - 1 run(s), 2 hit(s), 0 error(s), 0 left on base; Louisville 8 - Tuscaloosa 7
BOTTOM OF THE 8TH
Tuscaloosa Trout Slayers batting - Pitching for Louisville Bats : LHP Sergio Vargas
Pitching: RHP Manny Canseco
Batting: RHB Shigemasa Ishida 0-0: Ball
1-0: Ball
2-0: Called Strike
2-1: Fly out, F9 (Flyball, 9LM)
Batting: RHB Jason Saunders 0-0: Called Strike
0-1: Called Strike
0-2: Foul Ball, location: 2F
0-2: Ball
1-2: Foul Ball, location: 2F
1-2: Ball
2-2: Foul Ball, location: 2F
2-2: Foul Ball, location: 2F
2-2: Strikes out swinging
Batting: RHB Tetsunori Ito 0-0: Ball
1-0: Ball
2-0: Ground out 6-3 (Groundball, 6)
Bottom of the 8th over - 0 run(s), 0 hit(s), 0 error(s), 0 left on base; Louisville 8 - Tuscaloosa 7
TOP OF THE 9TH
Louisville Bats batting - Pitching for Tuscaloosa Trout Slayers : LHP Dave Blackwell
Pitching: RHP John Charles
Batting: RHB Danny Campbell 0-0: Called Strike
0-1: Fly out, F9 (Flyball, 89M)
Batting: RHB Eric Thompson 0-0: Called Strike
0-1: Ball
1-1: Swinging Strike
1-2: Foul Ball, location: 2F
1-2: DOUBLE (Flyball, 8LD)
Batting: RHB Dick Slagboom 0-0: Intentional Walk
Pinch Hitting: LHB Alex Henderson 0-0: SINGLE (Groundball, 34D)
Eric Thompson to third
Dick Slagboom to second
Runner from 3rd tries for Home, SAFE, no throw
Batting: LHB Ramón Morales 0-0: Called Strike
0-1: Swinging Strike
0-2: Ball
1-2: Ball
2-2: SINGLE (Groundball, 4) (infield hit)
Dick Slagboom to third
Alex Henderson to second
Batting: RHB Shawn Marshall 0-0: Swinging Strike
0-1: Foul Ball, location: 2F
0-2: Ball
1-2: Grounds into double play, 6-2-3 (Groundball, 6)
Top of the 9th over - 1 run(s), 3 hit(s), 0 error(s), 2 left on base; Louisville 9 - Tuscaloosa 7
BOTTOM OF THE 9TH
Tuscaloosa Trout Slayers batting - Pitching for Louisville Bats : RHP Manny Canseco
Pitching: RHP Johnathan Phillips
Now in LF: Bruce Brooks
Batting: RHB Pat Fullerton 0-0: Ground out 1-3 (Groundball, P)
Batting: RHB José Fernández 0-0: Ball
1-0: Swinging Strike
1-1: Called Strike
1-2: Foul Ball, location: 2F
1-2: Strikes out looking
Batting: LHB Marcos Villarreal 0-0: Ball
1-0: Called Strike
1-1: Ball
2-1: Foul Ball, location: 2F
2-2: DOUBLE (Flyball, 7LD)
Batting: RHB Ben Morton 0-0: Called Strike
0-1: Swinging Strike
0-2: Strikes out swinging
Bottom of the 9th over - 0 run(s), 1 hit(s), 0 error(s), 1 left on base; Louisville 9 - Tuscaloosa 7
Tuesday, August 8th, 2017 - OOTP Baseball 17.12 Build 75